 Dungeon Crawl Stone Soup version 0.19-a0-585-ge40200b (webtiles) character file.

5400 Duffy the Cleaver (level 10, -1/91 HPs)
             Began as a Minotaur Gladiator on June 9, 2016.
             Was a Priest of the Shining One.
             Slain by an insubstantial wisp (5 damage)
             ... on level 9 of the Dungeon.
             The game lasted 00:11:02 (8801 turns).

Duffy the Cleaver (Minotaur Gladiator)              Turns: 8801, Time: 00:11:03

Health: -1/91      AC: 23    Str: 20    XL:     10   Next: 40%
Magic:  9/9        EV:  8    Int:  5    God:    the Shining One [***...]
Gold:   359        SH:  0    Dex: 14    Spells: 0 memorised, 9 levels left

rFire  . . .     SeeInvis .     h - +5 hand axe (elec)
rCold  . . .     Gourm    .     s - +3 plate armour {rPois}
rNeg   + + .     Faith    .     (no shield)
rPois  +         Spirit   .     c - +0 hat
rElec  .         Dismiss  .     I - +0 cloak
rCorr  .         Reflect  .     B - +0 pair of gloves
SustAt .         Harm     .     V - +2 pair of boots {Stlth+}
MR     .....                    W - amulet of magic regeneration
Stlth  ..........               (no ring)
                                H - ring of positive energy

@: glowing, not resistant to hostile enchantments, extremely unstealthy
A: retaliatory headbutt, horns 2
a: Divine Shield, Renounce Religion


You were on level 9 of the Dungeon.
You worshipped the Shining One.
The Shining One was most pleased with you.
You were not hungry.

You visited 2 branches of the dungeon, and saw 10 of its levels.
You also visited: Sewer.

You collected 359 gold pieces.


Innate Abilities, Weirdness & Mutations

You reflexively headbutt those who attack you in melee.
You have a pair of horns on your head.


   Skills:
 + Level 9.4 Fighting
 + Level 13.6 Axes
 - Level 2.0 Throwing
 + Level 8.5 Armour
 - Level 3.2 Dodging


You had 9 spell levels left.
You didn't know any spells.

Inventory:

Hand Weapons
 a - a +0 war axe
 h - a +5 hand axe of electrocution (weapon)
 u - a +1 dire flail of protection
 L - a +1 whip of electrocution
 S - a +0 battleaxe
Missiles
 d - 5 throwing nets (quivered)
 r - 22 tomahawks
 O - 5 javelins
Armour
 c - a +0 hat (worn)
 s - a +3 plate armour of poison resistance (worn)
 B - a +0 pair of gloves (worn)
 I - a +0 cloak (worn)
 V - a +2 pair of boots of stealth (worn)
Jewellery
 H - a ring of positive energy (left hand)
 M - the ring of the Manifold Stars {+Inv rF+++ rN+ Int-3 SInv}

   [ring of positive energy]

   It affects your intelligence (-3).
   It renders you almost immune to fire.
   It protects you from negative energy.
   It lets you see invisible.
   It lets you turn invisible.
 W - an amulet of magic regeneration (around neck)
Wands
 t - a wand of flame (15/48)
 v - a wand of slowing (21/48)
 T - a wand of polymorph (14/24)
Scrolls
 b - a scroll of holy word
 e - 9 scrolls of teleportation
 k - a scroll of fog {unknown}
 n - 3 scrolls of recharging
 o - a scroll of blinking {unknown}
 q - 2 scrolls of magic mapping
 w - 3 scrolls of remove curse
 C - 2 scrolls of noise {unknown}
 F - a scroll of enchant armour {unknown}
 N - 2 scrolls of enchant weapon
 P - a scroll of immolation
Potions
 g - 2 potions of haste
 j - 5 potions of curing {unknown}
 l - a potion of resistance
 m - 4 potions of brilliance {unknown}
 p - a potion of might
 A - a potion of berserk rage
 E - 3 potions of lignification {unknown}
 J - a potion of agility
 K - a potion of ambrosia
Books
 i - a Young Poisoner's Handbook
 y - a book of Maledictions
 U - a book of Spatial Translocations
Comestibles
 f - 6 bread rations
 x - 3 chunks of flesh
 z - 4 beef jerkies
 D - 8 slices of pizza
 G - a meat ration
 Q - a royal jelly
 R - 5 fruits

Dungeon Overview and Level Annotations

Branches:
Dungeon (9/15)             Temple (1/1) D:5
   Lair: D:8-11         Orc: D:9-12

Altars:
Ashenzari
Cheibriados
Dithmenos
Elyvilon
Fedhas
Hepliaklqana
Kikubaaqudgha
Okawaru
Pakellas
Qazlal
Ru
Trog
Vehumet
Yredelemnul
Zin
The Shining One

Shops:
D:9 (


Message History

The steam dragon bites you but does no damage.
The steam dragon claws you but does no damage.
The sky beast hits you but does no damage.
The sky beast hits you but does no damage.
The steam dragon bites you but does no damage.
The steam dragon claws you but does no damage.
The sky beast barely misses you. You furiously retaliate!
You headbutt the sky beast, but do no damage.
The insubstantial wisp thrums sharply.
Some blue arcs ground themselves harmlessly around the insubstantial wisp.
The sky beast hits you but does no damage.
The steam dragon bites you but does no damage.
The steam dragon claws you but does no damage.
The sky beast hits you but does no damage.
The insubstantial wisp closely misses you.
The sky beast closely misses you.
The steam dragon bites you but does no damage.
The steam dragon claws you but does no damage.
The sky beast hits you but does no damage.
The insubstantial wisp hits you but does no damage.
The sky beast barely misses you. You furiously retaliate!
You headbutt the sky beast.
The insubstantial wisp closely misses you.
You furiously retaliate!
You headbutt the insubstantial wisp, but do no damage.
The steam dragon breathes steam at you. The ball of steam hits you!
The sky beast hits you but does no damage.
You hear a shout!
You are engulfed in a cloud of scalding steam.
The insubstantial wisp thrums sharply.
A blue arc grounds itself harmlessly beside the insubstantial wisp.
The sky beast hits you but does no damage.
The insubstantial wisp hits you. The steam dragon misses you.
The steam dragon barely misses you.
The sky beast hits you but does no damage.
A troll comes into view.
The insubstantial wisp hits you but does no damage.
The sky beast hits you. The sky beast shocks you.
The insubstantial wisp hits you but does no damage.
The steam dragon bites you but does no damage.
The steam dragon claws you but does no damage.
The sky beast barely misses you.
The insubstantial wisp thrums sharply.
You are struck by lightning.
The lightning arcs!
The steam dragon is struck by lightning.
The lightning grounds out.
The sky beast hits you but does no damage.
The insubstantial wisp hits you.
You die...

#.......#
#.....#
#..##..%#
#.....# #.
#...# #.....#
#...##+##
#.......#
#..%##..#
#.(.##..###
#...v......
#.Y@#..#...
#..vYD~~~0..
#....0#Y~~~00..
#.....00~..~~~#
....#~0~..$.~~.
.....~~.$##.~~.
... .T~#!# #~~.
.. .~~ ## ~~.


You could see a troll, a steam dragon, 3 sky beasts and 2 insubstantial wisps.

Action                   |  1- 3 |  4- 6 |  7- 9 | 10-12 || total
-------------------------+-------+-------+-------+-------++-------
Melee: War axe           |    48 |       |       |       ||    48
       Headbutt          |     7 |    10 |    59 |    16 ||    92
       Hand axe          |     5 |    86 |   312 |    56 ||   459
  Use: Scroll            |       |     2 |    12 |     2 ||    16
  Eat: Chunk             |       |     5 |    17 |     3 ||    25
Armor: Leather armour    |    13 |     4 |       |       ||    17
       Scale mail        |       |    12 |    15 |       ||    27
       Plate armour      |       |       |    82 |    75 ||   157
       Chain mail        |       |       |     7 |       ||     7
Dodge: Dodged            |    47 |    59 |    80 |    35 ||   221

Notes
Turn   | Place    | Note
--------------------------------------------------------------
     0 | D:1      | Duffy the Minotaur Gladiator began the quest for the Orb.
     0 | D:1      | Reached XP level 1. HP: 18/18 MP: 0/0
     9 | D:1      | Reached skill level 4 in Axes
   233 | D:1      | Reached XP level 2. HP: 25/25 MP: 1/1
   353 | D:2      | Reached skill level 5 in Axes
   353 | D:2      | Reached XP level 3. HP: 20/30 MP: 2/2
   972 | D:4      | Reached skill level 6 in Axes
   972 | D:4      | Reached XP level 4. HP: 27/37 MP: 3/3
  1062 | D:4      | Found a glowing drain.
  1071 | D:4      | Reached XP level 5. HP: 42/42 MP: 4/4
  1075 | Sewer    | Entered a sewer
  1081 | Sewer    | Reached skill level 7 in Axes
  1561 | D:3      | Reached skill level 8 in Axes
  1819 | D:4      | Found a shadowy altar of Dithmenos.
  1843 | D:4      | Reached XP level 6. HP: 48/50 MP: 5/5
  1911 | D:5      | Entered Level 5 of the Dungeon
  2041 | D:5      | Reached skill level 9 in Axes
  2172 | D:5      | Found a staircase to the Ecumenical Temple.
  2180 | Temple   | Entered the Ecumenical Temple
  2415 | D:5      | Reached XP level 7. HP: 23/56 MP: 6/6
  2451 | D:5      | Reached skill level 10 in Axes
  2820 | D:5      | Found a glowing silver altar of Zin.
  2823 | D:5      | Found a white marble altar of Elyvilon.
  2824 | D:5      | Found a glowing golden altar of the Shining One.
  2828 | D:5      | Became a worshipper of the Shining One
  2966 | D:4      | You fall through a shaft for 2 floors!
  3272 | D:2      | Found a blossoming altar of Fedhas.
  3914 | D:2      | You fall through a shaft for 2 floors!
  3922 | D:4      | Reached skill level 3 in Fighting
  3922 | D:4      | Reached skill level 11 in Axes
  3975 | D:4      | Reached XP level 8. HP: 64/66 MP: 7/7
  4460 | D:3      | Found a stormy altar of Qazlal.
  4700 | D:3      | Reached skill level 4 in Fighting
  5043 | D:4      | Reached skill level 1 in Armour
  5249 | D:5      | Reached skill level 2 in Armour
  5340 | D:5      | Reached skill level 5 in Fighting
  5437 | D:5      | Reached skill level 3 in Armour
  5807 | D:6      | Reached * piety under the Shining One
  5831 | D:6      | Reached skill level 4 in Armour
  5886 | D:6      | Found a basalt altar of Yredelemnul.
  6052 | D:6      | Reached skill level 6 in Fighting
  6052 | D:6      | Reached skill level 12 in Axes
  6060 | D:6      | Reached XP level 9. HP: 30/75 MP: 8/8
  6404 | D:7      | Found a snail-covered altar of Cheibriados.
  6413 | D:7      | Reached skill level 5 in Armour
  6608 | D:7      | Reached skill level 7 in Fighting
  6729 | D:7      | Reached skill level 6 in Armour
  6985 | D:7      | Reached ** piety under the Shining One
  7102 | D:7      | Found a large runed door.
  7102 | D:7      | Found a large runed door.
  7259 | D:7      | Found a large runed door.
  7259 | D:7      | Found a large runed door.
  7465 | D:7      | Reached skill level 8 in Fighting
  7469 | D:7      | Reached skill level 7 in Armour
  7617 | D:8      | Reached skill level 13 in Axes
  7687 | D:8      | Found an oddly glowing altar of Pakellas.
  7708 | D:8      | Found a blossoming altar of Fedhas.
  7710 | D:8      | Found an ancient bone altar of Kikubaaqudgha.
  7753 | D:8      | Noticed Erolcha
  7768 | D:8      | Killed Erolcha
  7768 | D:8      | Reached XP level 10. HP: 82/90 MP: 9/9
  7981 | D:8      | Noticed Pikel
  8012 | D:8      | Killed Pikel
  8012 | D:8      | Reached skill level 9 in Fighting
  8012 | D:8      | Reached skill level 8 in Armour
  8598 | D:9      | Found Taomam's Antique Weapon Emporium.
  8708 | D:9      | Got a heavily runed silver ring
  8709 | D:9      | Identified the ring of the Manifold Stars {+Inv rF+++ rN+ Int-3 SInv} (You found it on level 9 of the Dungeon)
  8777 | D:9      | Reached *** piety under the Shining One
  8801 | D:9      | Slain by an insubstantial wisp

Skill      XL: |  1  2  3  4  5  6  7  8  9 10 |
---------------+-------------------------------+-----
Axes           | 4 5 6 8 9 11 12 13 | 13.6
Fighting       | 3 6 8 9 |  9.4
Armour         | 4 7 8 |  8.5
Throwing       | |  2.0
Dodging        | |  3.2

Vault maps used:
D:1:      erik_arrival_orb_chamber
D:2:      fedhas_altar_3
D:3:      lemuel_doored_altar, hangedman_decor_points
D:4:      grunt_dithmenos_shadows, gup_sewer_entry_pipe, serial_park_tiny_pond,
          lexackson_kobold_supper
D:5:      good_gods_mini_temple, minmay_temple_entry_trees, first_bread
D:6:      lemuel_zombie_altar_yredelemnul, minmay_misc_feat_encased
D:7:      slow_altar_1, grunt_livestock, corexii_leaking_fountain,
          amethyst_killhole, minmay_hollow_rounded_squares
D:8:      wad_lake_hut, grunt_temple_overflow_growth_and_decay,
          kennysheep_mini_moat, uniq_pikel, uniq_erolcha
D:9:      grunt_temple_overflow_champion_of_chaos,
          nicolae_overflow_hidden_temple, dancing_weapons_uskayaw, serial_shops,
          shop, hangedman_misty_isle
Temple:   hc_temple_tempest_star_small
Sewer:    sewer_co_cracked_pipes

Vanquished Creatures
  Erolcha Pikel
  2 yaks
  A human
  2 hippogriffs
  4 orc warriors
  3 sky beasts
  An ice beast
  2 slaves
  A wasp
  A necrophage
  5 ogres
  2 centaurs
  An eye of draining
  A big kobold
  3 giant frogs
  A wyvern skeleton
  2 scorpions
  2 howler monkeys
  2 electric eels
  2 jellies
  3 crimson imps
  3 hounds
  11 orc wizards
  6 orc priests
  4 iguanas
  5 worker ants
  2 sheep
  A hound zombie
  A hound skeleton
  A mummy
  2 worker ant zombies
  3 gnolls
  15 adders
  A howler monkey skeleton
  5 shadow imps
  An ooze
  A worm
  3 dart slugs
  9 giant geckos
  35 orcs
  5 giant cockroaches
  2 gnoll zombies
  7 goblins
  6 hobgoblins
  8 jackals
  9 kobolds
  3 quokkas
  5 ball pythons
  10 bats
  A giant gecko skeleton
  14 giant newts
  2 quokka skeletons
  A quokka zombie
  20 rats
  2 fungi
  7 plants
254 creatures vanquished.
